[Event "Satka Autumn 2019"]
[Site "Satka"]
[Date "2019.09.22"]
[Round "4.12"]
[White "Shamsutdinova, Karina"]
[Black "Mukhina, Jana"]
[Result "1/2-1/2"]
[ECO "A48"]
[WhiteElo "1747"]
[BlackElo "2083"]
[Annotator "NA"]
[PlyCount "114"]
[EventDate "2019.09.19"]
[EventType "swiss"]
[EventCountry "RUS"]
[SourceTitle "playchess.com"]
[Source "ChessBase"]
[SourceQuality "1"]
[TimeControl "5400+30"]

1. d4 Nf6 2. Nf3 g6 3. Bf4 Bg7 4. e3 d6 5. Be2 Nh5 6. Bg5 h6 7. Bh4 c5 8. Nc3 g5 9. Ng1 Nf6 10. Bg3 cxd4 11. exd4 Qb6 12. Bb5+ Bd7 13. a4 Nc6 14. Nge2 a6 15. Bxc6 bxc6 16. f3 Nd5 17. Qd3 Nb4 18. Qd2 Bf5 19. a5 Qb7 20. Ne4 d5 21. Bd6 dxe4 22. Bxb4 exf3 23. gxf3 c5 24. Bxc5 Qxb2 25. Rc1 Qb7 26. Kf2 Bg6 27. Rb1 Qd5 28. Rhe1 O-O 29. Rbc1 Bh5 30. Qe3 Rfe8 31. c4 Qf5 32. Ng3 Qh3 33. Kg1 e5 34. d5 f5 35. Qf2 g4 36. Nxf5 gxf3 37. Nxg7 Kxg7 38. Qg3+ Qg4 39. Qxg4+ Bxg4 40. Kf2 Kf6 41. Bb6 e4 42. c5 e3+ 43. Rxe3 Rxe3 44. Kxe3 Ke5 45. Rc4 Rf8 46. Kf2 h5 47. d6 Kd5 48. Rc1 Kc6 49. Re1 Bd7 50. Re7 Rf4 51. Rh7 Rh4 52. Kxf3 Rxh2 53. Bd8 Rc2 54. Rxh5 Rxc5 55. Rxc5+ Kxc5 56. Bc7 Kc6 57. Ke4 Bh3 1/2-1/2

[Event "Satka Autumn 2019"]
[Site "Satka"]
[Date "2019.09.23"]
[Round "5.2"]
[White "Makarenko, Alexandra"]
[Black "Mironenko, Galina"]
[Result "1/2-1/2"]
[ECO "B06"]
[WhiteElo "2169"]
[BlackElo "1982"]
[Annotator "NA"]
[PlyCount "141"]
[EventDate "2019.09.19"]
[EventType "swiss"]
[EventCountry "RUS"]
[SourceTitle "playchess.com"]
[Source "ChessBase"]
[SourceQuality "1"]
[TimeControl "5400+30"]

1. e4 g6 2. d4 Bg7 3. Nc3 d6 4. Be3 a6 5. Qd2 b5 6. f3 Nd7 7. O-O-O Bb7 8. d5 Rc8 9. Nge2 Ngf6 10. Nd4 O-O 11. Bh6 c5 12. dxc6 Bxc6 13. h4 b4 14. Nd5 Bxd5 15. exd5 Qa5 16. Kb1 Bxh6 17. Qxh6 Qxd5 18. Be2 Qc5 19. Rd2 a5 20. h5 Qd5 21. Rh3 Nb6 22. g4 Nc4 23. Rd1 Qc5 24. hxg6 fxg6 25. f4 Rf7 26. f5 Ne5 27. fxg6 Nxg6 28. Qd2 Ne4 29. Qe3 Nf2 30. Rhh1 Nxh1 31. Rxh1 e5 32. Nf5 Qxe3 33. Nxe3 Rf2 34. Bd3 Rc7 35. g5 Rc5 36. Ng4 Rf4 37. Nf6+ Rxf6 38. gxf6 d5 39. Bf5 Rc6 40. f7+ Kxf7 41. Rxh7+ Kf6 42. Bxg6 Kxg6 43. Rd7 Rc5 44. Kc1 Kf5 45. Kd2 Ke4 46. Rh7 d4 47. Rh4+ Kd5 48. Rh8 Rb5 49. Rd8+ Ke4 50. Ra8 Rc5 51. Ra7 Kd5 52. Ra8 Ke4 53. Ra7 Rd5 54. Ke2 Rc5 55. Kd2 Kd5 56. Ra8 e4 57. Rd8+ Ke5 58. Re8+ Kf4 59. Rd8 Rh5 60. Rf8+ Rf5 61. Re8 Kf3 62. Re7 Rf4 63. c4 Kf2 64. c5 Kf1 65. c6 Rf2+ 66. Kc1 d3 67. Rxe4 Rc2+ 68. Kd1 Rxc6 69. Re3 Rc2 70. Rf3+ Kg1 71. Rxd3 1/2-1/2

[Event "Satka Autumn 2019"]
[Site "Satka"]
[Date "2019.09.23"]
[Round "5.4"]
[White "Lebedeva, Ulyana"]
[Black "Schepetkova, Margarita"]
[Result "0-1"]
[ECO "A46"]
[WhiteElo "1660"]
[BlackElo "2194"]
[Annotator "NA"]
[PlyCount "96"]
[EventDate "2019.09.19"]
[EventType "swiss"]
[EventCountry "RUS"]
[SourceTitle "playchess.com"]
[Source "ChessBase"]
[SourceQuality "1"]
[TimeControl "5400+30"]

1. d4 Nf6 2. Nf3 e6 3. e3 b6 4. b3 d5 5. Bb2 Bd6 6. Bd3 O-O 7. O-O Ne4 8. Nbd2 Bb7 9. Qe2 Nd7 10. Ne5 Nxd2 11. Qxd2 f6 12. Nxd7 Qxd7 13. f4 Kh8 14. Qe2 f5 15. Rf3 Rf6 16. Rh3 Rg8 17. Rg3 Rh6 18. Rg5 Qf7 19. Rf1 Bc6 20. Bb5 Bxb5 21. Qxb5 Rh4 22. Bc3 h6 23. Rg3 g5 24. Be1 g4 25. c4 Qh5 26. cxd5 Rxh2 27. dxe6 Be7 28. Qe5+ Rg7 29. d5 Kh7 30. Bc3 Rg8 31. Qxc7 Qh4 32. d6 Rg7 33. Bxg7 Rh1+ 34. Kf2 Qxg3+ 35. Ke2 Qxg2+ 36. Rf2 Qg1 37. Qc2 Qe1+ 38. Kd3 Bxd6 39. Be5 Qb4 40. Bd4 Qb5+ 41. Kc3 Ba3 42. Kd2 Bb4+ 43. Bc3 Qd5+ 44. Ke2 Bxc3 45. Rf1 Rh2+ 46. Rf2 Qf3+ 47. Kd3 Rxf2 48. Qxc3 Qe4# 0-1

[Event "Satka Autumn 2019"]
[Site "Satka"]
[Date "2019.09.23"]
[Round "5.5"]
[White "Nosacheva, Mariya"]
[Black "Petrukhina, Olga"]
[Result "1-0"]
[ECO "B12"]
[WhiteElo "2193"]
[BlackElo "2192"]
[Annotator "NA"]
[PlyCount "123"]
[EventDate "2019.09.19"]
[EventType "swiss"]
[EventCountry "RUS"]
[SourceTitle "playchess.com"]
[Source "ChessBase"]
[SourceQuality "1"]
[TimeControl "5400+30"]

1. e4 c6 2. d4 d5 3. e5 Bf5 4. h4 h6 5. g4 Bd7 6. h5 c5 7. c3 Nc6 8. Na3 cxd4 9. cxd4 Qb6 10. Nc2 Rc8 11. Be2 Nb4 12. Ne3 e6 13. f4 Bb5 14. a3 Nc6 15. Nf3 Bxe2 16. Kxe2 Nge7 17. f5 Qb5+ 18. Kf2 Na5 19. b4 Nc4 20. Qd3 Qd7 21. fxe6 fxe6 22. Ng2 Kd8 23. Nf4 Kc7 24. Kg3 Kb8 25. Ra2 Nc6 26. Rf2 Be7 27. Qg6 Nd8 28. Kg2 Rg8 29. Rhf1 Nb6 30. Qh7 Qe8 31. Ng6 Nc6 32. Rc2 Nc4 33. Nf4 Bg5 34. Nxg5 hxg5 35. Ne2 Qe7 36. Qg6 Rcf8 37. Bxg5 Qd7 38. Ra1 Rh8 39. b5 N6a5 40. a4 Rf7 41. Rf1 Rxf1 42. Kxf1 Rf8+ 43. Kg2 Nb6 44. Nf4 Re8 45. Qd3 Nac4 46. Ra2 Nxa4 47. Rxa4 Nb2 48. Qb3 Nxa4 49. Qxa4 a6 50. Nd3 axb5 51. Qb4 b6 52. Qd6+ Qc7 53. Kf3 Kb7 54. Qxc7+ Kxc7 55. Bf6 Rf8 56. Nf4 Rf7 57. Nxe6+ Kd7 58. Nxg7 Rf8 59. Ke2 b4 60. Kd2 Rc8 61. e6+ Kd6 62. e7 1-0

[Event "Satka Autumn 2019"]
[Site "Satka"]
[Date "2019.09.23"]
[Round "5.6"]
[White "Borisova, Ekaterina"]
[Black "Svetlova, Ksenia"]
[Result "1-0"]
[ECO "A04"]
[WhiteElo "2307"]
[BlackElo "1875"]
[Annotator "NA"]
[PlyCount "47"]
[EventDate "2019.09.19"]
[EventType "swiss"]
[EventCountry "RUS"]
[SourceTitle "playchess.com"]
[Source "ChessBase"]
[SourceQuality "1"]
[TimeControl "5400+30"]

1. Nf3 c5 2. c4 Nf6 3. g3 d5 4. d4 cxd4 5. Nxd4 Nc6 6. Bg2 Qb6 7. Nxc6 bxc6 8. Nc3 e6 9. O-O Ba6 10. cxd5 exd5 11. Be3 Qa5 12. a3 Bc4 13. Bd4 Be7 14. b3 Ba6 15. b4 Qd8 16. Qa4 Bb7 17. e4 O-O 18. Rfd1 Qc8 19. Rac1 Qg4 20. h3 Qg6 21. exd5 Nxd5 22. Nxd5 cxd5 23. Qd7 Bg5 24. f4 1-0

[Event "Satka Autumn 2019"]
[Site "Satka"]
[Date "2019.09.23"]
[Round "5.8"]
[White "Trapeznikova, Darya"]
[Black "Lysenko, Margarita"]
[Result "0-1"]
[ECO "A06"]
[WhiteElo "2085"]
[BlackElo "2249"]
[Annotator "NA"]
[PlyCount "84"]
[EventDate "2019.09.19"]
[EventType "swiss"]
[EventCountry "RUS"]
[SourceTitle "playchess.com"]
[Source "ChessBase"]
[SourceQuality "1"]
[TimeControl "5400+30"]

1. Nf3 Nf6 2. c4 e6 3. e3 d5 4. b3 c5 5. Bb2 Nc6 6. cxd5 exd5 7. Nc3 Bd6 8. d4 cxd4 9. Nxd4 O-O 10. Be2 Re8 11. O-O Nxd4 12. Qxd4 Be5 13. Qd3 Ne4 14. Na4 Bxb2 15. Nxb2 Qf6 16. Na4 Bd7 17. Rac1 Rad8 18. Bf3 Bc6 19. Rfd1 Ng5 20. Be2 d4 21. exd4 Ne6 22. Bf1 Nf4 23. Qg3 Bxg2 24. Rc2 Bxf1 25. Kxf1 Rxd4 26. Rxd4 Qxd4 27. Nc3 g6 28. h4 Qe5 29. Kg1 Qf5 30. Rc1 Nh5 31. Qg2 Qf4 32. Rd1 Qxh4 33. Qxb7 Nf4 34. Qc6 Re5 35. Qf3 Rf5 36. Kf1 Nh3 37. Qa8+ Kg7 38. Ne4 Rxf2+ 39. Ke1 Rxa2+ 40. Kf1 Qf4+ 41. Ke1 Qe3+ 42. Kf1 Qe2# 0-1

[Event "Satka Autumn 2019"]
[Site "Satka"]
[Date "2019.09.23"]
[Round "5.9"]
[White "Prudnikova, Svetlana"]
[Black "Shamsutdinova, Karina"]
[Result "1-0"]
[ECO "A05"]
[WhiteElo "2234"]
[BlackElo "1747"]
[Annotator "NA"]
[PlyCount "79"]
[EventDate "2019.09.19"]
[EventType "swiss"]
[EventCountry "RUS"]
[SourceTitle "playchess.com"]
[Source "ChessBase"]
[SourceQuality "1"]
[TimeControl "5400+30"]

1. Nf3 Nf6 2. c4 b6 3. g3 Bb7 4. Bg2 e6 5. O-O Be7 6. Nc3 c5 7. Re1 Ne4 8. Nxe4 Bxe4 9. d3 Bb7 10. e4 d6 11. d4 O-O 12. d5 e5 13. Be3 Bc8 14. Nd2 f5 15. f4 Bf6 16. Qc2 g6 17. fxe5 dxe5 18. exf5 Bxf5 19. Ne4 Bg7 20. Qd2 Bxe4 21. Bxe4 Qd6 22. g4 Nd7 23. g5 Rad8 24. Rad1 Rf7 25. Re2 Nb8 26. Rg2 Bf8 27. h4 Rdd7 28. Kh1 Rg7 29. Rdg1 Na6 30. Rh2 Be7 31. h5 Bd8 32. a3 Nc7 33. Qc2 Ne8 34. hxg6 hxg6 35. Rh6 Kf7 36. Rf1+ Kg8 37. Qh2 Rh7 38. Bxg6 Rxh6 39. Qxh6 Nc7 40. Rf7 1-0

[Event "Satka Autumn 2019"]
[Site "Satka"]
[Date "2019.09.23"]
[Round "5.10"]
[White "Dubnikova, Anastasia"]
[Black "Loskutova, Viktoriya"]
[Result "1-0"]
[ECO "E54"]
[WhiteElo "2056"]
[BlackElo "2162"]
[Annotator "NA"]
[PlyCount "161"]
[EventDate "2019.09.19"]
[EventType "swiss"]
[EventCountry "RUS"]
[SourceTitle "playchess.com"]
[Source "ChessBase"]
[SourceQuality "1"]
[TimeControl "5400+30"]

1. d4 Nf6 2. c4 e6 3. Nc3 Bb4 4. e3 d5 5. Nf3 O-O 6. Bd3 dxc4 7. Bxc4 c5 8. O-O Nc6 9. a3 Ba5 10. Bd3 h6 11. Rb1 cxd4 12. exd4 Bc7 13. Re1 b6 14. Bc2 Bb7 15. Qd3 Ne7 16. Ne5 Nf5 17. Be3 Re8 18. Rbd1 a6 19. Bf4 Nh5 20. Bg3 Nhxg3 21. hxg3 g6 22. Qd2 Kg7 23. g4 Ne7 24. Re3 Nd5 25. Nxd5 Bxd5 26. Rh3 Rh8 27. Bb3 Bxb3 28. Rxb3 Qd5 29. Rf3 Bxe5 30. dxe5 Qxe5 31. Qd7 Rhf8 32. Qb7 Qb8 33. Qe7 Qe8 34. Qf6+ Kh7 35. Rfd3 Rc8 36. Rd6 b5 37. Rxa6 Rd8 38. Re1 Qd7 39. Rb6 Qd2 40. Rexe6 Qc1+ 41. Kh2 Qc7+ 42. Red6 Rde8 43. Rbc6 Qa7 44. Qf3 Qe7 45. g3 Rb8 46. Rb6 Rxb6 47. Rxb6 Qc5 48. Rb7 Kg7 49. Kg2 Qc4 50. b3 Qc5 51. b4 Qc4 52. Rd7 Qe6 53. Rd5 Qc6 54. Rc5 Qa6 55. Qc3+ Kg8 56. Qe3 Kg7 57. Qe5+ Kg8 58. Rxb5 Qa8+ 59. Qd5 Qxa3 60. Rb7 Qb2 61. b5 Qf6 62. Rd7 Rb8 63. Rd6 Qg5 64. Qxg5 hxg5 65. Rd5 f6 66. Kf3 Kf7 67. Rc5 Ke6 68. Ke4 Rb6 69. f4 gxf4 70. gxf4 Kd7 71. Rd5+ Kc7 72. Kd4 Re6 73. Kc5 Re1 74. b6+ Kb7 75. Rd7+ Kb8 76. Rf7 Rc1+ 77. Kd6 Rb1 78. Rxf6 Rxb6+ 79. Ke7 Rb7+ 80. Kf8 Rb4 81. g5 1-0

[Event "Satka Autumn 2019"]
[Site "Satka"]
[Date "2019.09.23"]
[Round "5.11"]
[White "Filippova, Darya"]
[Black "Mar, Karmen"]
[Result "1-0"]
[ECO "A06"]
[WhiteElo "2110"]
[BlackElo "2026"]
[Annotator "NA"]
[PlyCount "105"]
[EventDate "2019.09.19"]
[EventType "swiss"]
[EventCountry "RUS"]
[SourceTitle "playchess.com"]
[Source "ChessBase"]
[SourceQuality "1"]
[TimeControl "5400+30"]

1. Nf3 d5 2. c4 c6 3. g3 Bg4 4. Bg2 e6 5. O-O Nd7 6. cxd5 exd5 7. d4 Bd6 8. Nc3 Ngf6 9. Bg5 O-O 10. Bxf6 Nxf6 11. Ne5 Bf5 12. Nd3 Re8 13. Re1 h5 14. Na4 h4 15. Nac5 Rb8 16. e3 Qc8 17. f4 Bg4 18. Qc1 Bh3 19. Ne5 Bxe5 20. dxe5 Nh5 21. Qd1 Bg4 22. Bf3 Bxf3 23. Qxf3 g6 24. g4 Ng7 25. Rad1 Qc7 26. e4 Rbd8 27. exd5 Qb6 28. Qf2 cxd5 29. f5 gxf5 30. gxf5 Nxf5 31. Kh1 Ng7 32. Rg1 Rxe5 33. Qxh4 d4 34. Rxg7+ Kxg7 35. Rg1+ Kf8 36. Qh8+ Ke7 37. Qxe5+ Kf8 38. Nd7+ Rxd7 39. Qh8+ Ke7 40. Re1+ Qe6 41. Rxe6+ fxe6 42. Qh7+ Kd6 43. Qd3 e5 44. Kg2 Kd5 45. Kf3 Rf7+ 46. Ke2 Ke6 47. h4 Rg7 48. Qh3+ Kd5 49. h5 b5 50. h6 Rh7 51. Qh5 Rc7 52. h7 Rc2+ 53. Kd1 1-0

[Event "Satka Autumn 2019"]
[Site "Satka"]
[Date "2019.09.23"]
[Round "5.12"]
[White "Mirgalina, Anna"]
[Black "Benderac, Ana"]
[Result "0-1"]
[ECO "B06"]
[WhiteElo "1473"]
[BlackElo "2228"]
[Annotator "NA"]
[PlyCount "68"]
[EventDate "2019.09.19"]
[EventType "swiss"]
[EventCountry "RUS"]
[SourceTitle "playchess.com"]
[Source "ChessBase"]
[SourceQuality "1"]
[TimeControl "5400+30"]

1. e4 g6 2. Nf3 Bg7 3. d4 d5 4. e5 c5 5. c3 Nc6 6. Be2 Bf5 7. O-O Qd7 8. Bf4 c4 9. b3 cxb3 10. axb3 Bxb1 11. Qxb1 e6 12. Qd3 Nge7 13. Rfd1 O-O 14. h4 b6 15. g4 Na5 16. Rab1 Rfc8 17. Kg2 Qc7 18. Bd2 h6 19. Rh1 Kf8 20. h5 Ke8 21. hxg6 Nxg6 22. g5 h5 23. Rxh5 Qxc3 24. Qxc3 Rxc3 25. Bxc3 Nf4+ 26. Kg3 Nxe2+ 27. Kh2 Nxc3 28. Rc1 Nb5 29. Rh7 Kf8 30. b4 Nb3 31. Rg1 Kg8 32. Rh4 N3xd4 33. Nxd4 Nxd4 34. Rg3 Nf5 0-1

[Event "Satka Autumn 2019"]
[Site "Satka"]
[Date "2019.09.24"]
[Round "6.2"]
[White "Charochkina, Daria"]
[Black "Nosacheva, Mariya"]
[Result "1/2-1/2"]
[ECO "E63"]
[WhiteElo "2360"]
[BlackElo "2193"]
[Annotator "NA"]
[PlyCount "80"]
[EventDate "2019.09.19"]
[EventType "swiss"]
[EventCountry "RUS"]
[SourceTitle "playchess.com"]
[Source "ChessBase"]
[SourceQuality "1"]
[TimeControl "5400+30"]

1. d4 Nf6 2. c4 g6 3. Nc3 Bg7 4. g3 O-O 5. Bg2 d6 6. Nf3 Nc6 7. O-O a6 8. Bf4 Rb8 9. Rc1 Bd7 10. Qd2 b5 11. Nd5 bxc4 12. Nxf6+ Bxf6 13. Rxc4 e5 14. Bh6 Re8 15. dxe5 Nxe5 16. Nxe5 Rxe5 17. Rfc1 Rh5 18. Rxc7 Be6 19. Bf4 Rxb2 20. R7c2 Rhb5 21. a4 Rxc2 22. Qxc2 Rc5 23. Qd1 Rxc1 24. Qxc1 h5 25. Qd2 Qb6 26. h4 Qb3 27. a5 d5 28. Bg5 Bc3 29. Qd3 Qc4 30. Bd8 Qxd3 31. exd3 Bf5 32. Bxd5 Bxd3 33. Kg2 Be2 34. f3 Be1 35. g4 Kf8 36. Bc6 Kg7 37. Bd5 Kf8 38. Bc6 Kg7 39. Bd5 Kf8 40. Bc6 Kg7 1/2-1/2

[Event "Satka Autumn 2019"]
[Site "Satka"]
[Date "2019.09.24"]
[Round "6.3"]
[White "Bykova, Anastasia"]
[Black "Mironenko, Galina"]
[Result "0-1"]
[ECO "A46"]
[WhiteElo "2259"]
[BlackElo "1982"]
[Annotator "NA"]
[PlyCount "114"]
[EventDate "2019.09.19"]
[EventType "swiss"]
[EventCountry "RUS"]
[SourceTitle "playchess.com"]
[Source "ChessBase"]
[SourceQuality "1"]
[TimeControl "5400+30"]

1. d4 Nf6 2. Nf3 e6 3. Bf4 b6 4. e3 Bb7 5. Nbd2 Be7 6. h3 d5 7. c3 Nbd7 8. Bd3 c5 9. O-O O-O 10. Qe2 Ne4 11. Ne5 Nxe5 12. dxe5 Nxd2 13. Qxd2 Qd7 14. Qc2 g6 15. Qe2 Bc6 16. Rfd1 Rfd8 17. Qg4 f5 18. exf6 Bxf6 19. e4 e5 20. exd5 Qxg4 21. hxg4 Bxd5 22. Bg3 Kg7 23. f3 h6 24. Kf2 a6 25. Bc2 b5 26. a3 Rac8 27. Rd2 e4 28. Rad1 Bc6 29. Bxe4 Bxe4 30. Rd7+ Kg8 31. fxe4 Bd4+ 32. cxd4 Rxd7 33. d5 c4 34. e5 Rc5 35. d6 Kf7 36. Ke3 Ke6 37. Rf1 Rxe5+ 38. Bxe5 Kxe5 39. Rh1 Rxd6 40. Rxh6 Rd3+ 41. Ke2 Kf6 42. Rh7 Rb3 43. Ra7 Rxb2+ 44. Ke1 c3 45. Rxa6+ Ke5 46. Kd1 Kd4 47. Rxg6 Kc4 48. Rb6 Rxg2 49. Kc1 Rxg4 50. Rb8 Rg1+ 51. Kc2 Rg2+ 52. Kb1 Rb2+ 53. Ka1 Kd3 54. Rd8+ Kc2 55. Rd4 b4 56. axb4 Kb3 57. Rd3 Rd2 0-1

[Event "Satka Autumn 2019"]
[Site "Satka"]
[Date "2019.09.24"]
[Round "6.4"]
[White "Makarenko, Alexandra"]
[Black "Borisova, Ekaterina"]
[Result "0-1"]
[ECO "B92"]
[WhiteElo "2169"]
[BlackElo "2307"]
[Annotator "NA"]
[PlyCount "84"]
[EventDate "2019.09.19"]
[EventType "swiss"]
[EventCountry "RUS"]
[SourceTitle "playchess.com"]
[Source "ChessBase"]
[SourceQuality "1"]
[TimeControl "5400+30"]

1. e4 c5 2. Nf3 d6 3. d4 cxd4 4. Nxd4 Nf6 5. Nc3 a6 6. Be2 e5 7. Nf3 Be6 8. Bg5 Nbd7 9. O-O Be7 10. Qd2 O-O 11. Rfd1 b5 12. Bxf6 Nxf6 13. a4 b4 14. Nd5 Nxe4 15. Qxb4 Bxd5 16. Rxd5 Nf6 17. Rdd1 Qc7 18. Qc4 Qb7 19. Qa2 Qe4 20. Qc4 Qb7 21. Qa2 Rac8 22. c3 a5 23. Bc4 Qe4 24. Bd5 Qf4 25. g3 Qg4 26. Ne1 h5 27. Ng2 h4 28. Ne3 Qg5 29. Bg2 Bd8 30. Rxd6 Be7 31. gxh4 Qh5 32. Ra6 Bc5 33. Re1 Rfd8 34. Nd5 Ng4 35. Rf1 Qxh4 36. h3 Nxf2 37. Kh2 Rxd5 38. Rxf2 Qxf2 39. Qxd5 Qf4+ 40. Kh1 Qc1+ 41. Kh2 Bg1+ 42. Kg3 Qf4# 0-1

[Event "Satka Autumn 2019"]
[Site "Satka"]
[Date "2019.09.24"]
[Round "6.5"]
[White "Lysenko, Margarita"]
[Black "Filippova, Darya"]
[Result "1-0"]
[ECO "E00"]
[WhiteElo "2249"]
[BlackElo "2110"]
[Annotator "NA"]
[PlyCount "41"]
[EventDate "2019.09.19"]
[EventType "swiss"]
[EventCountry "RUS"]
[SourceTitle "playchess.com"]
[Source "ChessBase"]
[SourceQuality "1"]
[TimeControl "5400+30"]

1. d4 e6 2. c4 Bb4+ 3. Nc3 b6 4. e4 Bb7 5. Qc2 Qh4 6. d5 Bxc3+ 7. bxc3 f5 8. exf5 exd5 9. cxd5 Bxd5 10. Ne2 Be4 11. Qa4 Qe7 12. Ba3 c5 13. O-O-O Bxf5 14. Ng3 Be6 15. Bc4 Qh4 16. Rhe1 Kf8 17. Re4 Qh6+ 18. Kb2 Bxc4 19. Qxc4 Qc6 20. Nf5 Nf6 21. Nd6 1-0

[Event "Satka Autumn 2019"]
[Site "Satka"]
[Date "2019.09.24"]
[Round "6.6"]
[White "Dubnikova, Anastasia"]
[Black "Prudnikova, Svetlana"]
[Result "1-0"]
[ECO "E47"]
[WhiteElo "2056"]
[BlackElo "2234"]
[Annotator "NA"]
[PlyCount "115"]
[EventDate "2019.09.19"]
[EventType "swiss"]
[EventCountry "RUS"]
[SourceTitle "playchess.com"]
[Source "ChessBase"]
[SourceQuality "1"]
[TimeControl "5400+30"]

1. d4 Nf6 2. c4 e6 3. Nc3 Bb4 4. e3 O-O 5. Bd3 c5 6. Nf3 Nc6 7. O-O Bxc3 8. bxc3 d6 9. Nd2 e5 10. Nb3 b6 11. Bc2 Ba6 12. d5 Ne7 13. Nd2 Bc8 14. a4 a5 15. f3 h6 16. Rb1 Rb8 17. Kh1 Nh7 18. f4 exf4 19. exf4 Bf5 20. Ne4 Qd7 21. h3 Kh8 22. g4 Bxe4+ 23. Bxe4 f5 24. Bd3 g6 25. Rb2 Rf7 26. Rg2 Rg8 27. g5 h5 28. Re1 Nf8 29. Rge2 Rh7 30. Qb3 Nc8 31. Re8 Rhg7 32. Qb5 Qxb5 33. cxb5 Nd7 34. R8e2 Rf7 35. c4 Kh7 36. Bb2 Rd8 37. Kg2 Rg8 38. Kg3 Rd8 39. Kh4 Rg8 40. Bc3 Rd8 41. Re6 Rdf8 42. Bc2 Rg8 43. Bd1 Nf8 44. R6e3 Nd7 45. Re6 Nf8 46. Re8 Nd7 47. Bxh5 Rxe8 48. Rxe8 Rf8 49. Bxg6+ Kxg6 50. Re6+ Kf7 51. g6+ Kg8 52. Kg5 Rd8 53. h4 Nf8 54. Re2 Rd7 55. Re8 Re7 56. Rxc8 Re3 57. g7 Rg3+ 58. Kxf5 1-0

[Event "Satka Autumn 2019"]
[Site "Satka"]
[Date "2019.09.24"]
[Round "6.7"]
[White "Semenova, Elena"]
[Black "Mirzaeva, Gulnara"]
[Result "1-0"]
[ECO "B31"]
[WhiteElo "2303"]
[BlackElo "1936"]
[Annotator "NA"]
[PlyCount "81"]
[EventDate "2019.09.19"]
[EventType "swiss"]
[EventCountry "RUS"]
[SourceTitle "playchess.com"]
[Source "ChessBase"]
[SourceQuality "1"]
[TimeControl "5400+30"]

1. e4 c5 2. Nf3 Nc6 3. Bb5 g6 4. Bxc6 bxc6 5. O-O Bg7 6. c3 Nh6 7. Re1 O-O 8. h3 f6 9. d4 cxd4 10. cxd4 Nf7 11. Nc3 d6 12. Be3 Qc7 13. Rc1 f5 14. Ng5 Kh8 15. Qa4 Nd8 16. exf5 Rxf5 17. d5 e5 18. dxc6 Qxc6 19. Nb5 Qd7 20. Rc7 Qe8 21. Qh4 Rxg5 22. Bxg5 Ne6 23. Nxd6 Qf8 24. Rxc8 Rxc8 25. Nxc8 Qxc8 26. Bf6 Qc5 27. Rxe5 Qc1+ 28. Kh2 g5 29. Rxe6 Bxf6 30. Qb4 Qc7+ 31. g3 Qd8 32. Qd6 Qxd6 33. Rxd6 Bxb2 34. Rd8+ Kg7 35. Rd7+ Kg6 36. Rxa7 Bd4 37. Ra6+ Kf5 38. a4 g4 39. hxg4+ Kxg4 40. Kg2 h5 41. Ra5 1-0

[Event "Satka Autumn 2019"]
[Site "Satka"]
[Date "2019.09.24"]
[Round "6.8"]
[White "Benderac, Ana"]
[Black "Lebedeva, Ulyana"]
[Result "1-0"]
[ECO "D02"]
[WhiteElo "2228"]
[BlackElo "1660"]
[Annotator "NA"]
[PlyCount "105"]
[EventDate "2019.09.19"]
[EventType "swiss"]
[EventCountry "RUS"]
[SourceTitle "playchess.com"]
[Source "ChessBase"]
[SourceQuality "1"]
[TimeControl "5400+30"]

1. d4 d5 2. Nf3 e6 3. Bg5 Be7 4. h4 h6 5. Bxe7 Qxe7 6. c3 Nf6 7. Nbd2 b6 8. e3 Bb7 9. Ne5 Nbd7 10. f4 Nxe5 11. fxe5 Ne4 12. Nxe4 dxe4 13. Bb5+ c6 14. Ba4 f5 15. exf6 gxf6 16. Qg4 f5 17. Qf4 O-O-O 18. g4 Rdf8 19. O-O-O Qc7 20. g5 hxg5 21. hxg5 Qxf4 22. exf4 Kc7 23. Kd2 Bc8 24. Ke3 Bd7 25. Rdg1 Rfg8 26. b4 Be8 27. c4 Bh5 28. Bd1 Bxd1 29. Rxd1 a6 30. d5 exd5 31. cxd5 Rd8 32. dxc6 Kxc6 33. Rxd8 Rxd8 34. Rh6+ Rd6 35. a4 Kc7 36. a5 bxa5 37. bxa5 Kd7 38. Ke2 Kc7 39. Rh7+ Kd8 40. Rf7 Rd5 41. g6 Ke8 42. Rf6 Ke7 43. g7 Rd8 44. Rxf5 Rg8 45. Rg5 Kf6 46. Ke3 Kf7 47. Kxe4 Re8+ 48. Kd5 Rd8+ 49. Kc6 Rc8+ 50. Kb7 Rg8 51. Kxa6 Rxg7 52. Rxg7+ Kxg7 53. Kb6 1-0

[Event "Satka Autumn 2019"]
[Site "Satka"]
[Date "2019.09.24"]
[Round "6.9"]
[White "Zyapaeva, Polina"]
[Black "Petrenko, Svetlana"]
[Result "0-1"]
[ECO "B20"]
[WhiteElo "1808"]
[BlackElo "2200"]
[Annotator "NA"]
[PlyCount "78"]
[EventDate "2019.09.19"]
[EventType "swiss"]
[EventCountry "RUS"]
[SourceTitle "playchess.com"]
[Source "ChessBase"]
[SourceQuality "1"]
[TimeControl "5400+30"]

1. e4 c5 2. c4 Nc6 3. Nc3 g6 4. g3 Bg7 5. Bg2 d6 6. d3 e6 7. Nge2 Nge7 8. Be3 Nd4 9. O-O O-O 10. Rb1 Nec6 11. a3 a5 12. b3 Rb8 13. Kh1 f5 14. f4 Bd7 15. Nb5 Qe7 16. Bd2 b6 17. Nec3 Nxb5 18. cxb5 Nd4 19. a4 Bc8 20. Re1 Bb7 21. Ne2 Qd7 22. Nxd4 Bxd4 23. Qe2 e5 24. Be3 exf4 25. Bxd4 cxd4 26. gxf4 Rbc8 27. Qf2 fxe4 28. Qxd4 Rc2 29. Rb2 Rxb2 30. Qxb2 exd3 31. Qd2 Bxg2+ 32. Qxg2 Qf7 33. Rb1 Re8 34. Qc6 d2 35. Kg2 Qe6 36. Qf3 Qe2+ 37. Qf2 d1=Q 38. Rxd1 Qxd1 39. Qxb6 Qg4+ 0-1

[Event "Satka Autumn 2019"]
[Site "Satka"]
[Date "2019.09.24"]
[Round "6.10"]
[White "Petrukhina, Olga"]
[Black "Aleshina, Arina"]
[Result "1-0"]
[ECO "A88"]
[WhiteElo "2192"]
[BlackElo "1365"]
[Annotator "NA"]
[PlyCount "55"]
[EventDate "2019.09.19"]
[EventType "swiss"]
[EventCountry "RUS"]
[SourceTitle "playchess.com"]
[Source "ChessBase"]
[SourceQuality "1"]
[TimeControl "5400+30"]

1. Nf3 f5 2. d4 Nf6 3. g3 g6 4. Bg2 Bg7 5. O-O O-O 6. c4 d6 7. Nc3 c6 8. Rb1 Qc7 9. d5 e5 10. dxe6 Bxe6 11. Bf4 Rd8 12. c5 Ne8 13. Ng5 Qe7 14. Nxe6 Qxe6 15. e4 Na6 16. exf5 gxf5 17. Re1 Qf6 18. cxd6 Nxd6 19. Qb3+ Qf7 20. Nd5 Nc5 21. Ne7+ Kh8 22. Qxf7 Nxf7 23. Nxf5 Nd3 24. Re7 Kg8 25. Nxg7 Kxg7 26. Rxb7 Nxf4 27. gxf4 Rd6 28. Rc1 1-0

[Event "Satka Autumn 2019"]
[Site "Satka"]
[Date "2019.09.24"]
[Round "6.11"]
[White "Svetlova, Ksenia"]
[Black "Mukhina, Jana"]
[Result "0-1"]
[ECO "C72"]
[WhiteElo "1875"]
[BlackElo "2083"]
[Annotator "NA"]
[PlyCount "82"]
[EventDate "2019.09.19"]
[EventType "swiss"]
[EventCountry "RUS"]
[SourceTitle "playchess.com"]
[Source "ChessBase"]
[SourceQuality "1"]
[TimeControl "5400+30"]

1. e4 e5 2. Nf3 Nc6 3. Bb5 a6 4. Ba4 d6 5. O-O Bd7 6. c3 g6 7. Re1 Bg7 8. d4 Nf6 9. Nbd2 Qe7 10. Bc2 O-O 11. Nf1 Bg4 12. d5 Nd8 13. h3 Bd7 14. Ng3 c5 15. a4 b6 16. a5 b5 17. b4 Nb7 18. Bd2 Rac8 19. Rc1 Kh8 20. Bg5 Qe8 21. Nh2 Ng8 22. h4 f6 23. Bd2 Qf7 24. h5 Bh6 25. Bxh6 Nxh6 26. hxg6 hxg6 27. Qd2 Kg7 28. Rf1 Qe7 29. Rce1 Ng4 30. Nxg4 Bxg4 31. f3 Bd7 32. f4 exf4 33. Rxf4 Qe5 34. Ref1 cxb4 35. Rh4 Qg5 36. Qf2 Rxc3 37. e5 Rxg3 38. exf6+ Rxf6 39. Qxf6+ Qxf6 40. Rxf6 Kxf6 41. Rh7 Nc5 0-1

[Event "Satka Autumn 2019"]
[Site "Satka"]
[Date "2019.09.24"]
[Round "6.12"]
[White "Kulkova, Dina"]
[Black "Eidelson, Rakhil"]
[Result "0-1"]
[ECO "A15"]
[WhiteElo "1424"]
[BlackElo "2064"]
[Annotator "NA"]
[PlyCount "78"]
[EventDate "2019.09.19"]
[EventType "swiss"]
[EventCountry "RUS"]
[SourceTitle "playchess.com"]
[Source "ChessBase"]
[SourceQuality "1"]
[TimeControl "5400+30"]

1. c4 Nf6 2. g3 g6 3. Bg2 Bg7 4. Nc3 d6 5. e3 O-O 6. Nge2 e5 7. O-O Re8 8. d3 c6 9. Rb1 Be6 10. b3 Qd7 11. Bb2 Bh3 12. Qd2 Bxg2 13. Kxg2 Na6 14. h3 Rad8 15. d4 e4 16. d5 Nc5 17. Ba1 Qe7 18. Nf4 Ncd7 19. dxc6 bxc6 20. Rfd1 Ne5 21. Qc2 Nf3 22. Nxe4 Nh4+ 23. gxh4 Nxe4 24. Bxg7 Kxg7 25. h5 Qe5 26. Rg1 Qg5+ 27. Kf1 Qf5 28. Qb2+ Qe5 29. Nd3 Qxb2 30. Rxb2 d5 31. hxg6 dxc4 32. gxf7+ Kxf7 33. Nf4 c3 34. Rc2 Rd1+ 35. Kg2 Rg8+ 36. Kf3 Nd2+ 37. Ke2 Rgxg1 38. Nd3 Ne4 39. b4 Rd2+ 0-1